 Dungeon Crawl Stone Soup version 0.22-a0-224-g8cf3520 (webtiles) character file.

2680 tidbits the Insei (level 9, -11/68 HPs)
             Began as a Gnoll Transmuter on Feb 20, 2018.
             Was a Follower of Cheibriados.
             Killed from afar by an electric eel (12 damage)
             ... with a bolt of electricity
             ... on level 9 of the Dungeon.
             The game lasted 00:13:39 (1399 turns).

tidbits the Insei (Gnoll Transmuter)                Turns: 1399, Time: 00:13:40

Health: -11/68     AC: 10    Str: 16    XL:     9   Next: 64%
Magic:  19/19      EV: 15    Int: 20    God:    Cheibriados [*.....]
Gold:   220        SH:  0    Dex: 17    Spells: 15/21 levels left

rFire    . . .     SeeInvis +   s - +8 glaive of the Guard {elec, +Rage AC+5 SInv}
rCold    + . .     Gourm    .   (shield currently unavailable)
rNeg     . . .     Faith    .   B - +0 ring mail
rPois    .         Spirit   .   (no helmet)
rElec    .         Reflect  .   (no cloak)
rCorr    .         Harm     .   (no gloves)
MR       .....                  (no boots)
Stlth    +++.......             (no amulet)
HPRegen  0.21/turn              p - ring of stealth
MPRegen  0.16/turn              y - ring of protection from cold

@: very slow
A: distributed training, fangs 1, strong nose
a: Bend Time, Renounce Religion, Evoke Berserk Rage


You were on level 9 of the Dungeon.
You worshipped Cheibriados.
Cheibriados was aware of your devotion.
You were not hungry.

You visited 2 branches of the dungeon, and saw 10 of its levels.

You collected 220 gold pieces.

Inventory:

Hand Weapons
 a - a +2 long sword of flaming
   (You found it on level 8 of the Dungeon)
 e - a +0 dagger
 g - a +0 blowgun
 h - a +0 scythe
 s - the +8 glaive of the Guard (weapon) {elec, +Rage AC+5 SInv}
   (You found it on level 4 of the Dungeon)

   Occasionally, upon striking a foe, it will discharge some electrical energy
   and cause terrible harm.
   It affects your AC (+5).
   It lets you see invisible.
   It lets you go berserk.
 t - a +0 war axe
 u - a +0 hand crossbow
 z - a +1 scimitar of flaming
   (You took it off Erica on level 8 of the Dungeon)
Missiles
 b - 13 arrows
 d - 40 sling bullets
 m - 18 stones (quivered)
 n - 2 throwing nets {!f}
 o - 10 poisoned needles
Armour
 x - a +0 robe
 B - a +0 ring mail (worn)
Magical Staves
 w - an uncursed staff of wizardry {!a}
   (You found it on level 4 of the Dungeon)
Jewellery
 p - a ring of stealth (left hand)
   (You found it on level 3 of the Dungeon)
 y - a ring of protection from cold (right hand)
   (You found it on level 8 of the Dungeon)
Scrolls
 i - a scroll of identify
 l - a scroll of amnesia
 q - 2 scrolls of enchant weapon
 r - 2 scrolls of remove curse
 D - a scroll of magic mapping {unknown}
 E - a scroll of teleportation {unknown}
Potions
 f - a potion of haste
 j - a potion of heal wounds
 k - 2 potions of curing
 v - a potion of brilliance
 A - a potion of cancellation
 C - a potion of agility {unknown}
Comestibles
 c - 6 rations


   Skills:
 + Level 5.1 Fighting
 + Level 4.3 Short Blades
 + Level 4.3 Long Blades
 + Level 4.3 Axes
 + Level 4.3 Maces & Flails
 + Level 4.3 Polearms
 + Level 4.3 Staves
 + Level 4.3 Slings
 + Level 4.3 Bows
 + Level 4.3 Crossbows
 + Level 4.3 Throwing
 + Level 4.3 Armour
 + Level 6.4 Dodging
 + Level 4.3 Stealth
 + Level 4.3 Shields
 + Level 7.9 Unarmed Combat
 + Level 6.7 Spellcasting
 + Level 3.6 Conjurations
 + Level 3.6 Hexes
 + Level 3.6 Charms
 + Level 3.6 Summonings
 + Level 3.6 Necromancy
 + Level 3.6 Translocations
 + Level 5.3 Transmutations
 + Level 3.6 Fire Magic
 + Level 3.6 Ice Magic
 + Level 3.6 Air Magic
 + Level 3.6 Earth Magic
 + Level 3.6 Poison Magic
 + Level 4.8 Invocations
 + Level 4.3 Evocations


You had 15 spell levels left.
You knew the following spells:

 Your Spells              Type           Power        Failure   Level  Hunger
e - Beastly Appendage     Tmut           ####..       1%          1    None
k - Sticks to Snakes      Tmut           ####....     3%          2    None
p - Spider Form           Tmut/Pois      ###.......   9%          3    #......


Dungeon Overview and Level Annotations

Branches:
Dungeon (9/15)             Temple (1/1) D:4
   Lair: D:8-11         Orc: D:9-12

Altars:
Ashenzari
Cheibriados
Elyvilon
Fedhas
Hepliaklqana
Makhleb
Nemelex Xobeh
Okawaru
Ru
Sif Muna
Trog
Uskayaw
Wu Jian
Yredelemnul
Zin
The Shining One

Shops:
D:4 (


Innate Abilities, Weirdness & Mutations

Your experience applies equally to all skills.
You have very sharp teeth.
Your uncanny sense of smell can sniff out nearby items.


Message History

The howler monkey misses you.
A howler monkey comes into view.
The howler monkey hoots and howls with incredible vigour!
You slash the howler monkey!
Lightning courses through the howler monkey!
You kill the howler monkey!
Cheibriados appreciates the change of pace.
You hit the howler monkey.
The howler monkey is moderately wounded.
The howler monkey barely misses you. x2
You slash the howler monkey!
The howler monkey is severely wounded.
The howler monkey misses you. The howler monkey hits you.
* * * LOW HITPOINT WARNING * * *
Your ring mail prevents you from hitting the howler monkey.
The howler monkey is severely wounded.
The howler monkey hoots and howls with incredible vigour!
The howler monkey hits you but does no damage.
You hear a shout!
You slash the howler monkey!
Lightning courses through the howler monkey!
You kill the howler monkey!
Cheibriados appreciates the change of pace.
You see here a howler monkey corpse.
Found a stone staircase leading down.
There is a stone staircase leading down here.
You climb downwards.
Found 16 gold pieces, a ring mail and a potion of curing.
There is a stone staircase leading up here.
Unknown command.
You see here a ring mail.
Found a stone staircase leading down.
You see here a potion of curing.
k - 2 potions of curing (gained 1)
You see here 16 gold pieces.
You now have 220 gold pieces (gained 16).
A hippogriff comes into view.
You slash the hippogriff!
The hippogriff is moderately wounded.
The hippogriff misses you. The hippogriff closely misses you.
The hippogriff claws you but does no damage.
You barely miss the hippogriff. You bite the hippogriff.
The hippogriff is moderately wounded.
The hippogriff closely misses you. x2; The hippogriff claws you.
The hippogriff bites you.
* * * LOW HITPOINT WARNING * * *
The hippogriff pecks you.
* * * LOW HITPOINT WARNING * * *
The hippogriff claws you.
* * * LOW HITPOINT WARNING * * *
You slice the hippogriff!!
The hippogriff is severely wounded.
The hippogriff bites you but does no damage.
The hippogriff closely misses you.
The hippogriff claws you but does no damage.
You slash the hippogriff!
The hippogriff is almost dead.
The hippogriff closely misses you.
The hippogriff pecks you but does no damage.
The hippogriff closely misses you. The hippogriff bites you.
* * * LOW HITPOINT WARNING * * *
The hippogriff pecks you.
* * * LOW HITPOINT WARNING * * *
The hippogriff claws you!
* * * LOW HITPOINT WARNING * * *
You slash the hippogriff!
You kill the hippogriff!
Cheibriados thoroughly appreciates the change of pace.
There is a stone staircase leading down here.
You climb downwards.
There is a stone staircase leading up here.
Unknown command.
As you open the large door, it creaks loudly!
Found a sacrificial altar of Ru and a hazy altar of Hepliaklqana.
Found a stone staircase leading down.
You enter the shallow water.
Moving in this stuff is going to be slow.
An electric eel comes into view.
An electric eel comes into view.
The electric eel shoots out a bolt of lightning at you!
The bolt of electricity hits the electric eel.
The electric eel completely resists.
The bolt of electricity hits you!
* * * LOW HITPOINT WARNING * * *
The electric eel shoots out a bolt of lightning at you!
The bolt of electricity misses you.
The electric eel shoots out a bolt of lightning at you!
The bolt of electricity hits the electric eel.
The electric eel completely resists.
The bolt of electricity hits you!
* * * LOW HITPOINT WARNING * * *
The electric eel shoots out a bolt of lightning at you!
The bolt of electricity hits you!
* * * LOW HITPOINT WARNING * * *
The electric eel shoots out a bolt of lightning at you!
The bolt of electricity hits you!
* * * LOW HITPOINT WARNING * * *
There is a stone staircase leading down here.
Unknown command.
The electric eel shoots out a bolt of lightning at you!
The bolt of electricity hits you!
You die...

#≈≈≈≈##.#
≈≈≈≈≈≈≈.#
#≈;≈≈≈≈≈##
#;≈≈≈≈≈≈##
##≈≈≈≈≈≈≈≈##
#≈≈≈≈≈≈≈≈≈≈##
≈≈≈≈≈≈≈≈≈≈≈≈##
≈≈≈≈≈≈≈@≈≈≈≈≈#
≈≈≈≈≈≈≈≈≈≈≈≈##
#≈≈≈≈≈≈≈≈≈≈.#
##≈≈≈≈≈≈≈≈#.#
##≈≈≈≈≈≈.#.#
##≈≈≈≈#.#.#
##≈≈.#.#.#
###.#.#.#
#.#.#.#


You could see 2 electric eels.

Vanquished Creatures
  Erica (D:8)
  The ghost of braks the Arsonist, a novice DrWz of Vehumet (D:8)
  A hippogriff (D:8)
  Sigmund (D:3)
  Duvessa (D:7)
  An orc warrior (D:7)
  A centaur (D:7)
  An ogre (D:8)
  A bullfrog (D:8)
  Dowan (D:7)
  A scorpion (D:4)
  3 howler monkeys (D:7)
  3 hounds
  A bullfrog skeleton (D:5)
  3 orc wizards
  2 worker ants
  A hound zombie (D:7)
  6 adders
  4 gnolls (D:6)
  2 oozes
  An adder skeleton (D:7)
  A leopard gecko (D:8)
  11 orcs
  3 bats
  A giant cockroach (D:7)
  4 goblins
  A hobgoblin (D:2)
  A jackal (D:3)
  A quokka (D:7)
  2 frilled lizards
  3 kobolds
  A rat (D:3)
  A spectral orc (D:4)
67 creatures vanquished.

Vanquished Creatures (collateral kills)
  The ghost of RoseArtemis the Digger, an amateur GrEE (D:3)
  An orc wizard (D:3)
  A jackal (D:3)
  A rat (D:3)
4 creatures vanquished.

Grand Total: 71 creatures vanquished

Notes
Turn   | Place    | Note
-------+----------+-------------------------------------------
     0 | D:1      | tidbits the Gnoll Transmuter began the quest for the Orb.
     0 | D:1      | Reached XP level 1. HP: 17/17 MP: 6/6
    51 | D:2      | Reached XP level 2. HP: 20/23 MP: 4/7
    60 | D:2      | Learned a level 2 spell: Sticks to Snakes
    84 | D:2      | Found a sacrificial altar of Ru.
   121 | D:2      | Reached skill level 5 in Spellcasting
   121 | D:2      | Reached XP level 3. HP: 26/28 MP: 6/9
   128 | D:2      | Found a glowing golden altar of the Shining One.
   203 | D:2      | Reached skill level 1 in Short Blades
   203 | D:2      | Reached skill level 1 in Long Blades
   203 | D:2      | Reached skill level 1 in Axes
   203 | D:2      | Reached skill level 1 in Maces & Flails
   203 | D:2      | Reached skill level 1 in Polearms
   203 | D:2      | Reached skill level 1 in Staves
   203 | D:2      | Reached skill level 1 in Slings
   203 | D:2      | Reached skill level 1 in Bows
   203 | D:2      | Reached skill level 1 in Crossbows
   203 | D:2      | Reached skill level 1 in Throwing
   203 | D:2      | Reached skill level 1 in Armour
   203 | D:2      | Reached skill level 1 in Stealth
   203 | D:2      | Reached skill level 1 in Shields
   203 | D:2      | Reached skill level 1 in Invocations
   203 | D:2      | Reached skill level 1 in Evocations
   203 | D:2      | Reached XP level 4. HP: 26/34 MP: 8/11
   208 | D:2      | Learned a level 3 spell: Spider Form
   220 | D:3      | Found a blossoming altar of Fedhas.
   240 | D:3      | Reached skill level 1 in Conjurations
   240 | D:3      | Reached skill level 1 in Hexes
   240 | D:3      | Reached skill level 1 in Charms
   240 | D:3      | Reached skill level 1 in Summonings
   240 | D:3      | Reached skill level 1 in Necromancy
   240 | D:3      | Reached skill level 1 in Translocations
   240 | D:3      | Reached skill level 1 in Fire Magic
   240 | D:3      | Reached skill level 1 in Ice Magic
   240 | D:3      | Reached skill level 1 in Air Magic
   240 | D:3      | Reached skill level 1 in Earth Magic
   240 | D:3      | Reached skill level 1 in Poison Magic
   286 | D:3      | Noticed Sigmund
   301 | D:3      | Killed Sigmund
   301 | D:3      | Reached skill level 3 in Fighting
   301 | D:3      | Reached skill level 4 in Transmutations
   301 | D:3      | Reached skill level 2 in Invocations
   301 | D:3      | Reached XP level 5. HP: 26/41 MP: 1/12
   301 | D:3      | Reached XP level 6. HP: 30/47 MP: 1/13
   511 | D:4      | Found Uzxyled's Weapon Shop.
   540 | D:3      | Noticed RoseArtemis's ghost (amateur GrEE)
   550 | D:3      | Killed RoseArtemis's ghost
   550 | D:3      | Reached skill level 2 in Short Blades
   550 | D:3      | Reached skill level 2 in Long Blades
   550 | D:3      | Reached skill level 2 in Axes
   550 | D:3      | Reached skill level 2 in Maces & Flails
   550 | D:3      | Reached skill level 2 in Polearms
   550 | D:3      | Reached skill level 2 in Staves
   550 | D:3      | Reached skill level 2 in Slings
   550 | D:3      | Reached skill level 2 in Bows
   550 | D:3      | Reached skill level 2 in Crossbows
   550 | D:3      | Reached skill level 2 in Throwing
   550 | D:3      | Reached skill level 2 in Armour
   550 | D:3      | Reached skill level 5 in Dodging
   550 | D:3      | Reached skill level 2 in Stealth
   550 | D:3      | Reached skill level 2 in Shields
   550 | D:3      | Reached skill level 2 in Evocations
   672 | D:4      | Reached XP level 7. HP: 28/52 MP: 9/15
   746 | D:4      | Found a staircase to the Ecumenical Temple.
   755 | Temple   | Entered the Ecumenical Temple
   776 | Temple   | Became a worshipper of Cheibriados the Contemplative
   802 | D:4      | Found the +8 glaive of the Guard {elec, +Rage AC+5 SInv}
   851 | D:4      | Found a basalt altar of Yredelemnul.
   870 | D:5      | Entered Level 5 of the Dungeon
   880 | D:5      | Reached skill level 7 in Unarmed Combat
   901 | D:5      | Reached skill level 2 in Conjurations
   901 | D:5      | Reached skill level 2 in Hexes
   901 | D:5      | Reached skill level 2 in Charms
   901 | D:5      | Reached skill level 2 in Summonings
   901 | D:5      | Reached skill level 2 in Necromancy
   901 | D:5      | Reached skill level 2 in Translocations
   901 | D:5      | Reached skill level 2 in Fire Magic
   901 | D:5      | Reached skill level 2 in Ice Magic
   901 | D:5      | Reached skill level 2 in Air Magic
   901 | D:5      | Reached skill level 2 in Earth Magic
   901 | D:5      | Reached skill level 2 in Poison Magic
   995 | D:7      | Reached skill level 3 in Invocations
  1017 | D:7      | Reached XP level 8. HP: 42/60 MP: 16/16
  1019 | D:7      | Reached * piety under Cheibriados
  1058 | D:8      | Reached skill level 4 in Fighting
  1105 | D:8      | Reached skill level 3 in Short Blades
  1105 | D:8      | Reached skill level 3 in Long Blades
  1105 | D:8      | Reached skill level 3 in Axes
  1105 | D:8      | Reached skill level 3 in Maces & Flails
  1105 | D:8      | Reached skill level 3 in Polearms
  1105 | D:8      | Reached skill level 3 in Staves
  1105 | D:8      | Reached skill level 3 in Slings
  1105 | D:8      | Reached skill level 3 in Bows
  1105 | D:8      | Reached skill level 3 in Crossbows
  1105 | D:8      | Reached skill level 3 in Throwing
  1105 | D:8      | Reached skill level 3 in Armour
  1105 | D:8      | Reached skill level 3 in Stealth
  1105 | D:8      | Reached skill level 3 in Shields
  1105 | D:8      | Reached skill level 3 in Evocations
  1120 | D:8      | Noticed Erica
  1127 | D:8      | Killed Erica
  1127 | D:8      | Reached skill level 6 in Spellcasting
  1127 | D:8      | Reached skill level 3 in Conjurations
  1127 | D:8      | Reached skill level 3 in Hexes
  1127 | D:8      | Reached skill level 3 in Charms
  1127 | D:8      | Reached skill level 3 in Summonings
  1127 | D:8      | Reached skill level 3 in Necromancy
  1127 | D:8      | Reached skill level 3 in Translocations
  1127 | D:8      | Reached skill level 3 in Fire Magic
  1127 | D:8      | Reached skill level 3 in Ice Magic
  1127 | D:8      | Reached skill level 3 in Air Magic
  1127 | D:8      | Reached skill level 3 in Earth Magic
  1127 | D:8      | Reached skill level 3 in Poison Magic
  1127 | D:8      | Reached skill level 4 in Invocations
  1127 | D:8      | Reached XP level 9. HP: 52/66 MP: 16/18
  1164 | D:8      | Noticed braks's ghost (novice DrWz)
  1187 | D:8      | Killed braks's ghost
  1187 | D:8      | Reached skill level 4 in Short Blades
  1187 | D:8      | Reached skill level 4 in Long Blades
  1187 | D:8      | Reached skill level 4 in Axes
  1187 | D:8      | Reached skill level 4 in Maces & Flails
  1187 | D:8      | Reached skill level 4 in Polearms
  1187 | D:8      | Reached skill level 4 in Staves
  1187 | D:8      | Reached skill level 4 in Slings
  1187 | D:8      | Reached skill level 4 in Bows
  1187 | D:8      | Reached skill level 4 in Crossbows
  1187 | D:8      | Reached skill level 4 in Throwing
  1187 | D:8      | Reached skill level 4 in Armour
  1187 | D:8      | Reached skill level 6 in Dodging
  1187 | D:8      | Reached skill level 4 in Stealth
  1187 | D:8      | Reached skill level 4 in Shields
  1187 | D:8      | Reached skill level 5 in Transmutations
  1187 | D:8      | Reached skill level 4 in Evocations
  1197 | D:7      | Noticed Dowan
  1199 | D:7      | Noticed Duvessa
  1206 | D:7      | Killed Duvessa
  1207 | D:7      | HP: 5/67 [Dowan/shard of ice (12)]
  1208 | D:7      | Killed Dowan
  1208 | D:7      | Reached skill level 5 in Fighting
  1352 | D:9      | Found a sacrificial altar of Ru.
  1352 | D:9      | Found a hazy altar of Hepliaklqana.
  1398 | D:9      | HP: 1/68 [electric eel/bolt of electricity (7)]
  1399 | D:9      | Killed from afar by an electric eel

Vault maps used:
D:1:      minmay_arrival_doors, kennysheep_pointless_box, minmay_domino_2
D:2:      lemuel_doored_altar, nicolae_ru_sacrificial_ziggurat
D:3:      fedhas_altar_2, uniq_sigmund
D:4:      yredelemnul_forgotten_temple_becter,
          nicolae_gozag_cash_rules_everything_around_me,
          minmay_temple_entry_large_hall, serial_shops, nicolae_shop_waterfront,
          uniq_edmund
D:5:      kennysheep_mini_moat, lemuel_zombie_altar_kikubaaqudgha, first_ration,
          minmay_misc_feat_diagonals
D:6:      kennysheep_mini, serial_shops, nicolae_shop_stone, shop, shop, shop
D:7:      basic_altar, wad_rectangle_vault, uniq_duvessa
D:8:      blue_anna_alchemist, st_stairs_9, cheibrodos_worm_habitat, uniq_erica
D:9:      gammafunk_the_bubble, gammafunk_temple_overflow_wave,
          marbit_many_paths, overflow_temple_1_default, serial_shops, shop
Temple:   minmay_temple_bridge_abc

Skill      XL: |  1  2  3  4  5  6  7  8  9 |
---------------+----------------------------+-----
Spellcasting   | 5 6 |  6.7
Short Blades   | 1 2 3 4 |  4.3
Long Blades    | 1 2 3 4 |  4.3
Axes           | 1 2 3 4 |  4.3
Maces & Flails | 1 2 3 4 |  4.3
Polearms       | 1 2 3 4 |  4.3
Staves         | 1 2 3 4 |  4.3
Slings         | 1 2 3 4 |  4.3
Bows           | 1 2 3 4 |  4.3
Crossbows      | 1 2 3 4 |  4.3
Throwing       | 1 2 3 4 |  4.3
Armour         | 1 2 3 4 |  4.3
Stealth        | 1 2 3 4 |  4.3
Shields        | 1 2 3 4 |  4.3
Invocations    | 1 2 3 4 |  4.8
Evocations     | 1 2 3 4 |  4.3
Conjurations   | 1 2 3 |  3.6
Hexes          | 1 2 3 |  3.6
Charms         | 1 2 3 |  3.6
Summonings     | 1 2 3 |  3.6
Necromancy     | 1 2 3 |  3.6
Translocations | 1 2 3 |  3.6
Fire Magic     | 1 2 3 |  3.6
Ice Magic      | 1 2 3 |  3.6
Air Magic      | 1 2 3 |  3.6
Earth Magic    | 1 2 3 |  3.6
Poison Magic   | 1 2 3 |  3.6
Fighting       | 3 4 5 |  5.1
Transmutations | 4 5 |  5.3
Dodging        | 5 6 |  6.4
Unarmed Combat | 7 |  7.9

Action                   |  1- 3 |  4- 6 |  7- 9 || total
-------------------------+-------+-------+-------++-------
Melee: Unarmed           |    27 |    66 |     4 ||    97
       Headbutt          |     4 |       |       ||     4
       Kick              |     1 |       |       ||     1
       Bite              |     1 |       |     9 ||    10
       Glaive            |       |       |    88 ||    88
Throw: Stone             |       |       |     6 ||     6
 Cast: Beastly Appendage |     7 |       |       ||     7
       Sticks to Snakes  |     2 |     7 |       ||     9
       Spider Form       |       |     9 |     2 ||    11
  Use: Potion            |     2 |     3 |     2 ||     7
       Scroll            |       |     5 |     3 ||     8
 Stab: Sleeping          |       |     2 |     4 ||     6
       Distracted        |       |     1 |       ||     1
  Eat: Chunk             |       |       |     2 ||     2
Armor: Robe              |     4 |       |       ||     4
       Skin              |       |    17 |       ||    17
       Ring mail         |       |       |    29 ||    29
Dodge: Dodged            |    21 |    62 |    57 ||   140

Table legend:
 A = Spawn XP
 B = Non-spawn XP
 C = Spawn XP percentage of total XP
 D = Spawn monster count
 E = Non-spawn monster count
 F = Spawn count percentage of total count
 G = Total turns spent on level
                    A         B        C        D         E        F      G
               +---------+---------+-------+---------+---------+-------+---------
         Total |       0 |    3829 |   0.0 |       0 |      71 |   0.0 |  1399
               +---------+---------+-------+---------+---------+-------+---------
           D:2 |       0 |      83 |   0.0 |       0 |      11 |   0.0 |   234
           D:3 |       0 |     509 |   0.0 |       0 |      25 |   0.0 |   324
           D:4 |       0 |     122 |   0.0 |       0 |       4 |   0.0 |   237
           D:5 |       0 |     118 |   0.0 |       0 |       3 |   0.0 |    36
           D:6 |       0 |      59 |   0.0 |       0 |       4 |   0.0 |    59
           D:7 |       0 |     795 |   0.0 |       0 |      17 |   0.0 |   174
           D:8 |       0 |    2143 |   0.0 |       0 |       7 |   0.0 |   193
               +---------+---------+-------+---------+---------+-------+---------

Table legend:
 A = Turns spent in this place as a percentage of turns spent in the entire game.
 B = Non-inter-level travel turns spent in this place as a percentage of non-inter-level travel turns spent in the entire game.
 C = Inter-level travel turns spent in this place as a percentage of turns spent in this place.
 D = Turns resting spent in this place as a percentage of non-inter-level travel turns spent in this place.
 E = Turns spent auto-exploring this place as a percentage of non-inter-level travel turns spent in this place.
 F = Non-inter-level travel turns spent in this place divided by the number of levels of this place that you've seen.
                   A       B       C       D       E      F
               +-------+-------+-------+-------+-------+----------------------
         Total | 100.0 | 100.0 |   1.4 |   0.0 |   0.0 | 137.9
       Dungeon |  96.9 |  98.3 |   0.0 |   0.0 |   0.0 | 150.7
        Temple |   3.1 |   1.7 |  46.5 |   0.0 |   0.0 |  23.0
               +-------+-------+-------+-------+-------+----------------------

Table legend:
 A = Kills in this place as a percentage of kills in entire the game.
 B = Kills by you in this place as a percentage of kills by you in the entire game.
 C = Kills by friends in this place as a percentage of kills by friends in the entire game.
 D = Other kills in this place as a percentage of other kills in the entire game.
 E = Experience gained in this place as a percentage of experience gained in the entire game.
 F = Experience gained in this place divided by the number of levels of this place that you have seen.
                   A       B       C       D       E      F
               +-------+-------+-------+-------+-------+----------------------
         Total | 100.0 | 100.0 | 100.0 |   N/A | 100.0 | 382.9
       Dungeon | 100.0 | 100.0 | 100.0 |   N/A | 100.0 | 425.4
               +-------+-------+-------+-------+-------+----------------------

Vault maps used:
D:1:      minmay_arrival_doors, kennysheep_pointless_box, minmay_domino_2
D:2:      lemuel_doored_altar, nicolae_ru_sacrificial_ziggurat
D:3:      fedhas_altar_2, uniq_sigmund
D:4:      yredelemnul_forgotten_temple_becter,
          nicolae_gozag_cash_rules_everything_around_me,
          minmay_temple_entry_large_hall, serial_shops, nicolae_shop_waterfront,
          uniq_edmund
D:5:      kennysheep_mini_moat, lemuel_zombie_altar_kikubaaqudgha, first_ration,
          minmay_misc_feat_diagonals
D:6:      kennysheep_mini, serial_shops, nicolae_shop_stone, shop, shop, shop
D:7:      basic_altar, wad_rectangle_vault, uniq_duvessa
D:8:      blue_anna_alchemist, st_stairs_9, cheibrodos_worm_habitat, uniq_erica
D:9:      gammafunk_the_bubble, gammafunk_temple_overflow_wave,
          marbit_many_paths, overflow_temple_1_default, serial_shops, shop
Temple:   minmay_temple_bridge_abc
